 Dungeon Crawl Stone Soup version 0.24-a0-271-ga0fc33f (webtiles) character file.

Game seed: 14330928238149495917

4571 Laiders72 the Fighter (level 10, 0/65 HPs)
             Began as a Gargoyle Earth Elementalist on Apr 24, 2019.
             Was a Believer of Vehumet.
             Slain by a polar bear (5 damage)
             ... on level 8 of the Dungeon.
             The game lasted 00:47:05 (10441 turns).

Laiders72 the Fighter (GrEE)                       Turns: 10441, Time: 00:47:05

Health: 0/65       AC: 14    Str: 12    XL:     10   Next: 41%
Magic:  0/19       EV: 14    Int: 19    God:    Vehumet [**....]
Gold:   365        SH:  0    Dex: 17    Spells: 2/21 levels left

rFire    . . .     SeeInvis .   f - +1 short sword
rCold    . . .     Gourm    .   (no shield)
rNeg     + . .     Faith    .   F - +0 robe of Joy {Dex+7}
rPois    ∞         Spirit   .   o - +2 helmet
rElec    +         Reflect  .   v - +0 cloak
rCorr    .         Harm     .   j - +0 pair of gloves
MR       .....                  (no boots)
Stlth    ++........             (no amulet)
HPRegen  0.20/turn              q - +5 ring of slaying
MPRegen  0.16/turn              A - ring of wizardry

@: no status effects
A: negative energy resistance 1, electricity resistance, unbreathing,
petrification resistance, rot immunity, AC +7
a: Renounce Religion


You were on level 8 of the Dungeon.
You worshipped Vehumet.
Vehumet was pleased with you.
You were very hungry.

You visited 2 branches of the dungeon, and saw 9 of its levels.
You visited the Abyss 1 time.

You collected 365 gold pieces.

Inventory:

Hand Weapons
 f - a +1 short sword (weapon)
Missiles
 b - 110 stones (quivered)
 p - 107 arrows
Armour
 j - a +0 pair of gloves (worn)
 o - a +2 helmet (worn)
 v - a +0 cloak (worn)
 F - the +0 robe of Joy (worn) {Dex+7}
   (You found it on level 5 of the Dungeon)

   It affects your dexterity (+7).
Jewellery
 n - an uncursed ring of see invisible
 q - a +5 ring of slaying (left hand)
 x - an uncursed ring of protection from cold
 A - a ring of wizardry (right hand)
Wands
 y - a wand of paralysis (5)
 E - a wand of acid (8)
Scrolls
 a - a scroll of remove curse
 e - 4 scrolls of enchant weapon
 g - 3 scrolls of teleportation
 h - a scroll of fear {unknown}
 r - a scroll of fog {unknown}
 s - a scroll of blinking
 u - a scroll of enchant armour {unknown}
 z - 2 scrolls of identify
 B - a scroll of random uselessness {unknown}
 H - a scroll of vulnerability {unknown}
 I - 2 scrolls of amnesia {unknown}
Potions
 k - a potion of haste {unknown}
 l - 4 potions of curing
 m - 2 potions of brilliance {unknown}
 w - a potion of resistance {unknown}
 C - a potion of cancellation {unknown}
 G - 2 potions of mutation {unknown}
Comestibles
 d - 9 rations


   Skills:
 + Level 8.4 Fighting
 + Level 3.4 Dodging
 - Level 2.1 Stealth
 - Level 6.2 Spellcasting
 - Level 4.0 Conjurations
 + Level 3.1 Charms
 - Level 0.7 Transmutations
 + Level 5.3 Air Magic
 - Level 8.0 Earth Magic


You had 2 spell levels left.
You knew the following spells:

 Your Spells              Type           Power        Failure   Level  Hunger
a - Sandblast             Erth           #####.       1%          1    None
b - Stone Arrow           Conj/Erth      ####..       1%          3    ##.....
c - Lee's Rapid Deconstr  Erth           #####.....   4%          5    #####..
d - Airstrike             Air            ####......   4%          4    ####...
e - Swiftness             Chrm/Air       ###.....     1%          2    None
f - Petrify               Tmut/Erth      ###.....     8%          4    ####...

Your spell library contained the following spells:

 Spells                   Type           Power        Failure   Level  Hunger
 Throw Frost              Conj/Ice       ##....       3%          2    None
 Shock                    Conj/Air       ###.         1%          1    None
 Passwall                 Tmut/Erth      ###.....     1%          2    None
 Static Discharge         Conj/Air       ###.....     1%          3    ##.....
 Lightning Bolt           Conj/Air       ###.......   17%         5    #####..


Dungeon Overview and Level Annotations

Branches:
Dungeon (8/15)             Temple (1/1) D:5
   Lair: D:8-11

Altars:
Ashenzari
Cheibriados
Dithmenos
Elyvilon
Gozag
Hepliaklqana
Kikubaaqudgha
Makhleb
Nemelex Xobeh
Okawaru
Qazlal
Ru
Sif Muna
Trog
Uskayaw
Vehumet
Wu Jian
Xom
Yredelemnul
Zin
The Shining One

Shops:
D:5 %   D:8 %

Annotations:
D:7 2 transporters


Innate Abilities, Weirdness & Mutations

You are resistant to torment.
Your stone body is resilient. (AC +7)
You are immune to poison.
You resist negative energy. (rN+)
You are resistant to electric shocks. (rElec)
You can survive without breathing.
You are immune to petrification.
You are immune to rotting.


Message History

The polar bear closely misses you.
You hear an angry growl.
The polar bear bites you but does no damage.
The polar bear claws you but does no damage.
The polar bear completely misses you.
Casting: Sandblast (safe; 1% risk of failure)
Confirm with . or Enter, or press ? or * to list all spells.
Aiming: Sandblast (safe; 1% risk of failure)
Press: ? - help, Shift-Dir - straight line, f/p - polar bear
Aim: a polar bear (severely wounded, berserk, fast, unusually strong)
The blast of sand hits the polar bear!
The polar bear is almost dead.
b - 110 stones The polar bear bites you.
The polar bear closely misses you. x2
The polar bear closely misses you. The polar bear barely misses you.
The polar bear claws you. The polar bear bites you!!
* * * LOW HITPOINT WARNING * * *
The polar bear claws you.
You die...

###...... #.......#
#.......##
#........# ...
#...8[...#####....
##............#....
#.............#....
#.@...........#....
#.#h.##.......#....
#....†........#..8.
#######.......#....
#............
#.........|..
#######......
#...... #......


You could see a polar bear (berserk).

Vanquished Creatures
  Grinder (D:5)
  A polar bear (D:8)
  A hippogriff (D:6)
  Sigmund (D:3)
  A yak (D:8)
  A water moccasin (D:7)
  4 orc warriors
  A phantom (D:6)
  5 ice beasts
  4 ogres
  2 centaurs (D:6)
  2 bullfrogs
  A wyvern skeleton (D:7)
  2 scorpions
  An electric eel (D:8)
  6 howler monkeys
  5 crimson imps
  2 jellies (D:5)
  2 hounds
  A quasit (D:8)
  2 bullfrog skeletons
  A gnoll shaman (D:6)
  5 orc priests (D:8)
  A centaur skeleton (D:8)
  6 iguanas
  Ijyb (D:4)
  9 orc wizards
  7 worker ants
  A centaur simulacrum (D:8)
  A bullfrog simulacrum (D:8)
  2 hound skeletons
  A killer bee simulacrum (D:8)
  A worker ant zombie (D:6)
  9 adders
  11 gnolls
  A howler monkey skeleton (D:7)
  A hound simulacrum (D:8)
  2 shadow imps
  2 white imps (D:8)
  An ufetubus (D:8)
  An adder zombie (D:5)
  3 worms
  2 dart slugs (D:1)
  A leopard gecko (D:3)
  20 orcs
  7 giant cockroaches
  6 goblins
  10 hobgoblins
  15 jackals
  6 kobolds
  2 quokkas (D:2)
  A ball python (D:4)
  9 bats
  4 frilled lizards
  A jackal zombie (D:6)
  A leopard gecko simulacrum (D:8)
  A leopard gecko zombie (D:8)
  A quokka skeleton (D:4)
  2 quokka zombies
  7 rats
209 creatures vanquished.

Notes
Turn   | Place    | Note
-------+----------+-------------------------------------------
     0 | D:1      | Laiders72 the Gargoyle Earth Elementalist began the quest
                  | for the Orb.
     0 | D:1      | Reached XP level 1. HP: 10/10 MP: 3/3
   128 | D:1      | Reached XP level 2. HP: 16/16 MP: 3/5
  1013 | D:1      | Reached skill level 1 in Fighting
  1053 | D:1      | Reached XP level 3. HP: 20/20 MP: 6/6
  1187 | D:2      | Found a snail-covered altar of Cheibriados.
  1443 | D:2      | Learned a level 3 spell: Stone Arrow
  1662 | D:2      | Reached XP level 4. HP: 24/25 MP: 0/8
  2527 | D:3      | Reached skill level 1 in Conjurations
  2533 | D:3      | Reached XP level 5. HP: 25/30 MP: 1/9
  2551 | D:3      | Reached skill level 5 in Earth Magic
  2859 | D:3      | Found a sparkling altar of Nemelex Xobeh.
  2985 | D:3      | Found a sacrificial altar of Ru.
  3031 | D:3      | Reached XP level 6. HP: 35/35 MP: 6/11
  3109 | D:3      | Noticed Sigmund
  3450 | D:3      | Found a bloodstained altar of Trog.
  3522 | D:3      | Killed Sigmund
  3522 | D:3      | Reached XP level 7. HP: 40/40 MP: 5/13
  3947 | D:4      | Learned a level 5 spell: Lee's Rapid Deconstruction
  3986 | D:4      | Found a burning altar of Makhleb.
  4096 | D:4      | Noticed Ijyb
  4097 | D:4      | Found an ornate altar of the Wu Jian Council.
  4101 | D:4      | Killed Ijyb
  4541 | D:5      | Entered Level 5 of the Dungeon
  4551 | D:5      | Reached skill level 5 in Spellcasting
  4715 | D:5      | Found an ornate altar of the Wu Jian Council.
  4744 | D:5      | Found Rado Paseh's Food Boutique.
  4848 | D:5      | Reached XP level 8. HP: 33/48 MP: 15/15
  4855 | D:5      | Found a staircase to the Ecumenical Temple.
  4909 | D:5      | You fall through a shaft for 2 floors!
  5048 | D:5      | Noticed Grinder
  5057 | D:5      | Killed Grinder
  5197 | Temple   | Entered the Ecumenical Temple
  5341 | Temple   | Became a worshipper of Vehumet
  5347 | Temple   | Learned a level 4 spell: Airstrike
  5704 | D:6      | Noticed a hippogriff
  5710 | D:6      | Killed a hippogriff
  5710 | D:6      | Reached skill level 1 in Air Magic
  6058 | D:5      | Got a colourful robe
  6062 | D:5      | Identified the +0 robe of Joy {Dex+7} (You found it on
                  | level 5 of the Dungeon)
  6498 | D:6      | Reached skill level 5 in Fighting
  6498 | D:6      | Reached XP level 9. HP: 54/54 MP: 10/18
  6792 | D:6      | Found a stormy altar of Qazlal.
  6792 | D:6      | Found a deep blue altar of Sif Muna.
  7243 | D:7      | Found an iron altar of Okawaru.
  7243 | D:7      | Noticed a deep elf knight
  7246 | D:7      | Found a transporter.
  7282 | D:7      | Found a transporter.
  7421 | D:7      | Reached * piety under Vehumet
  7421 | D:7      | Offered knowledge of Flame Tongue by Vehumet.
  8667 | D:7      | Learned a level 2 spell: Swiftness
  9008 | D:8      | Reached skill level 1 in Charms
  9109 | D:8      | Reached ** piety under Vehumet
  9291 | D:8      | Found Kum Kuod's Food Shop.
  9306 | D:8      | Offered knowledge of Throw Flame by Vehumet.
  9312 | D:8      | Learned a level 4 spell: Petrify
  9344 | D:8      | Reached XP level 10. HP: 64/64 MP: 0/19
  9465 | D:8      | Cast into level 1 of the Abyss (orc wizard)
  9465 | Abyss:1  | Found a corrupted altar of Lugonu.
  9536 | Abyss:1  | Noticed a starcursed mass
  9551 | D:8      | Escaped the Abyss
  9678 | D:8      | Reached skill level 5 in Air Magic
 10107 | D:8      | Offered knowledge of Throw Frost by Vehumet.
 10441 | D:8      | Slain by a polar bear

Levels and vault maps discovered:
D:1:      lemuel_arrival_behind_the_door_small, layout_basic
D:2:      layout_basic, lemuel_round_altar
D:3:      cheibrodos_old_hovel, layout_basic, lemuel_crystal_altar, bloody_trog,
          nemelex_xobeh_ov_fountains_minmay, uniq_sigmund
D:4:      layout_basic, lemuel_crystal_altar, nicolae_overflow_crystal_walls,
          first_ration, serial_park_tiny_pond, uniq_ijyb
D:5:      layout_basic, minmay_temple_entry_statues_fountains, serial_shops,
          nicolae_shop_stone, lemuel_statue_altar, uniq_grinder
D:6:      layout_basic, amethyst_overflow_temple_binary, serial_bayou_pond_a
D:7:      layout_basic, gammafunk_temple_overflow_arena
D:8:      layout_basic, lemuel_doored_altar, serial_shops, shop, serial_ice,
          serial_ice_h, serial_ice_n, serial_ice_a, serial_ice_c, serial_ice_o,
          serial_ice_k, serial_ice_d, serial_ice_f, serial_ice_e, serial_ice_b
Temple:   dshaligram_water_room_temple
Abyss:1

Skill      XL: |  1  2  3  4  5  6  7  8  9 10 |
---------------+-------------------------------+-----
Earth Magic    | 4 5 6 8 |  8.0
Fighting       | 1 2 3 5 7 8 |  8.4
Spellcasting   | 3 4 5 6 |  6.2
Conjurations   | 1 2 3 4 |  4.0
Air Magic      | 2 4 5 |  5.3
Dodging        | 2 3 |  3.4
Charms         | 1 3 |  3.1
Stealth        | |  2.1
Transmutations | |  0.7

Action                   |  1- 3 |  4- 6 |  7- 9 | 10-12 || total
-------------------------+-------+-------+-------+-------++-------
Melee: Unarmed           |    12 |       |       |       ||    12
       Club              |    28 |       |       |       ||    28
       Short sword       |    17 |    67 |   200 |    46 ||   330
 Cast: Sandblast         |    26 |    43 |    43 |    34 ||   146
       Stone Arrow       |     1 |    15 |    68 |    30 ||   114
       Airstrike         |       |       |    16 |     6 ||    22
       Lee's Rapid Decon |       |       |     6 |     3 ||     9
       Petrify           |       |       |     2 |     1 ||     3
       Swiftness         |       |       |     1 |     1 ||     2
  Use: Scroll            |     1 |       |     6 |     7 ||    14
       Potion            |       |       |       |     6 ||     6
 Stab: Sleeping          |       |     1 |     1 |       ||     2
       Petrified         |       |       |     2 |       ||     2
  Eat: Chunk             |     3 |     8 |    18 |     6 ||    35
       Ration            |       |       |     2 |       ||     2
Armor: Robe              |    22 |    33 |    91 |    60 ||   206
Dodge: Dodged            |    38 |    75 |   108 |    93 ||   314

Table legend:
 A = Non-vault XP
 B = Vault XP
 C = Vault XP percentage of total XP
 D = Non-vault monster count
 E = Vault monster count
 F = Vault count percentage of total count
                 A         B        C        D         E       F
            +---------+---------+-------+---------+---------+-------
      Total |    4972 |    1559 |  23.9 |     192 |      17 |   8.1
            +---------+---------+-------+---------+---------+-------
        D:1 |      37 |       0 |   0.0 |      20 |       0 |   0.0
        D:2 |     112 |       0 |   0.0 |      23 |       0 |   0.0
        D:3 |     201 |     277 |  57.9 |      30 |       2 |   6.2
        D:4 |     331 |      36 |   9.8 |      15 |       1 |   6.2
        D:5 |     425 |     277 |  39.5 |      14 |       1 |   6.7
        D:6 |    1260 |       0 |   0.0 |      24 |       0 |   0.0
        D:7 |    1176 |       0 |   0.0 |      28 |       0 |   0.0
        D:8 |    1430 |     969 |  40.4 |      38 |      13 |  25.5
            +---------+---------+-------+---------+---------+-------
